Map: Acid Plant LE

Players

blackxored - Winner!

  • Race: Zerg Zerg
  • League: Master
  • Spawn Location: 5:00

ThiNoiS

  • Race: Protoss Protoss
  • League: Diamond
  • Spawn Location: 11:00

VOD

Have the link to the VOD?

Description

Time

  • Played on: July 27, 2018, 6:55 p.m.
  • Length: 19:17
Show
View Real Time Build Order
Export as new Build Order

blackxored Zerg - Winner!

Build Orders: Hatch First, Lurkers 

Get SALT Encoding   

  12  0:01  Drone  
  13  0:12  Overlord  
  13  0:17  Drone  
  14  0:33  Drone x2  
  16  0:49  Hatchery  
  15  0:52  Drone  
  15  0:55  Drone  
  17  0:59  Drone  
  18  1:12  Spawning Pool  
  18  1:14  Extractor  
  18  1:17  Drone  
  17  1:20  Drone  
  18  1:27  Drone  
  19  1:46  Extractor  
  18  1:50  Hatchery  
  17  1:55  Drone x2  
  20  2:03  Queen  
  20  2:06  Overlord  
  22  2:25  Zergling x2  
  22  2:26  Zergling x2  
  22  2:27  Roach Warren  
  23  2:43  Zergling x4  
  25  3:01  Drone  
  26  3:08  Drone  
  26  3:09  Drone  
  26  3:11  Queen  
  30  3:17  Drone x3  
  33  3:33  Drone x2  
  35  3:37  Drone  
  36  3:42  Spore Crawler, Overlord x2  
  35  3:59  Spore Crawler  
  35  4:02  Roach x4  
  42  4:07  Drone x3  
  42  4:08  Drone  
  46  4:24  Ravager  
  46  4:25  Ravager x3  
  50  4:32  Hatchery  
  49  4:56  Lair  
  49  4:58  Drone x3  
  52  5:00  Overlord x3  
  52  5:10  Overlord x3  
  52  5:32  Drone  
  52  5:33  Drone x9  
  52  5:34  Drone  
  64  5:35  Drone  
  64  5:39  Metabolic Boost  
  64  5:50  Queen  
  66  6:03  Extractor, Spore Crawler  
  66  6:04  Drone x3  
  65  6:05  Extractor, Drone x3  
  65  6:08  Overlord x2  
  69  6:26  Glial Reconstitution  
  69  6:28  Hydralisk Den  
  69  6:30  Evolution Chamber  
  67  6:45  Queen  
  69  6:52  Drone x4  
  69  6:53  Drone  
  74  6:56  Zerg Missile Weapons Level 1  
  74  6:59  Roach x6  
  74  7:00  Roach  
  88  7:06  Queen  
  88  7:07  Queen  
  92  7:15  Hydralisk x3  
  92  7:21  Muscular Augments, Queen  
  100  7:26  Hydralisk x2  
  103  7:37  Drone x2  
  103  7:38  Overlord  
  103  7:39  Overlord x2  
  103  7:40  Overseer  
  105  7:55  Overlord x2  
  105  7:56  Overlord  
  105  8:00  Drone x4  
  105  8:05  Extractor  
  108  8:06  Extractor  
  107  8:17  Hatchery  
  106  8:28  Drone x3  
  106  8:29  Drone x3  
  106  8:30  Drone x3  
  106  8:31  Drone x4  
  106  8:33  Grooved Spines  
  119  8:38  Hydralisk  
  121  8:41  Overseer  
  121  8:50  Overlord x2  
  121  8:51  Overlord x2  
  121  8:54  Zerg Missile Weapons Level 2  
  121  9:08  Overlord x3  
  121  9:10  Queen  
  121  9:11  Queen  
  121  9:12  Queen  
  121  9:14  Hydralisk x3  
  121  9:15  Roach x2  
  121  9:16  Roach x2  
  141  9:21  Roach  
  141  9:22  Roach x2  
  147  9:29  Hydralisk x4  
  155  9:33  Roach  
  155  9:34  Roach  
  155  9:36  Queen  
  161  9:50  Roach x7  
  175  9:59  Roach  
  179  10:00  Roach x4  
  179  10:04  Ravager  
  168  10:21  Roach x3  
  168  10:22  Roach x5  
  172  10:37  Roach x5  
  172  10:38  Roach  
  184  10:44  Overlord x4  
  174  10:57  Hydralisk x6  
  174  10:58  Hydralisk  
  180  11:05  Roach x6  
  180  11:09  Roach x4  
  200  11:17  Overlord x2  
  200  11:18  Overlord  
  194  11:35  Hydralisk x4  
  200  11:43  Overlord x3  
  200  11:47  Zerg Ground Armor Level 1  
  176  11:54  Infestation Pit  
  175  12:08  Extractor, Lurker Den, Drone x3  
  174  12:10  Extractor, Hatchery, Drone x2  
  174  12:11  Drone x2  
  174  12:13  Pneumatized Carapace  
  177  12:22  Hydralisk x3  
  175  12:23  Hydralisk x4  
  177  12:38  Hydralisk  
  177  12:39  Hydralisk x4  
  167  12:46  Hydralisk x6  
  179  12:58  Hydralisk x4  
  169  12:59  Hydralisk x5  
  163  13:14  Hydralisk x6  
  157  13:39  Lurker x2  
  157  13:40  Lurker x10  
  157  13:41  Lurker x6  
  175  13:54  Hydralisk x7  
  187  14:14  Overseer  
  178  14:30  Drone x9  
  178  14:31  Drone x6  
  171  15:05  Extractor  
  171  15:06  Extractor, Hatchery  
  167  15:07  Extractor  
  167  15:10  Queen  
  167  15:11  Extractor  
  137  15:51  Hydralisk x4  
  137  15:52  Hydralisk x7  
  152  15:58  Hydralisk x5  
  159  16:07  Hydralisk x2  
  158  16:12  Hydralisk x2  
  130  16:25  Lurker x2  
  120  16:26  Lurker x10  
  120  16:27  Lurker x2  
  125  16:44  Drone x7  
  125  16:45  Drone x3  
  133  16:49  Drone x4  
  137  16:58  Lurker  
  137  16:59  Lurker x3  
  140  17:04  Extractor  
  134  17:09  Overseer x2  
  129  17:37  Hydralisk x5  
  129  17:38  Hydralisk x5  
  149  17:45  Hatchery  
  149  17:46  Extractor  
  147  18:06  Hydralisk x6  
  147  18:07  Hydralisk x2  
  152  18:15  Hydralisk x2  
  152  18:16  Hydralisk  
  137  18:28  Hydralisk  
  137  18:29  Hydralisk x3  
  122  18:42  Hydralisk  
  122  18:43  Hydralisk x3  
  130  18:54  Lurker x2  
  130  18:55  Lurker  
Show
View Real Time Build Order
Export as new Build Order

ThiNoiS Protoss 

Build Orders: Cannon Rush 

Get SALT Encoding   

  12  0:00  Probe  
  13  0:12  Probe  
  14  0:20  Pylon  
  14  0:25  Probe  
  15  0:38  Probe  
  16  0:45  Forge  
  16  0:50  Probe  
  17  1:02  Probe  
  18  1:15  Probe  
  19  1:25  Pylon  
  19  1:26  Pylon  
  19  1:28  Pylon  
  19  1:30  Pylon  
  19  1:32  Pylon  
  19  1:46  Photon Cannon  
  19  1:48  Photon Cannon  
  19  1:55  Photon Cannon  
  19  2:09  Nexus  
  19  2:11  Probe  
  20  2:19  Pylon  
  20  2:24  Probe  
  21  2:38  Probe  
  21  2:39  Gateway  
  22  2:47  Assimilator  
  22  2:50  Probe, Assimilator  
  23  2:53  Pylon  
  23  2:59  Pylon  
  23  3:21  Probe x2  
  25  3:30  Cybernetics Core  
  25  3:33  Zealot, Probe x2  
  29  3:41  Probe x2  
  29  3:48  Protoss Ground Weapons Level 1  
  31  3:49  Probe x2  
  33  3:59  Probe x2  
  35  4:05  Warp Gate  
  35  4:09  Stargate  
  35  4:11  Probe x2  
  35  4:14  Assimilator  
  37  4:23  Probe x2  
  39  4:24  Stalker  
  40  4:35  Probe  
  40  4:36  Probe  
  42  4:44  Pylon  
  42  4:45  Shield Battery  
  42  4:47  Shield Battery  
  42  4:49  Probe  
  42  4:50  Probe  
  42  4:51  Assimilator  
  44  4:53  Pylon  
  44  5:00  Void Ray  
  44  5:01  Probe  
  44  5:02  Probe  
  50  5:14  Probe x2  
  52  5:24  Robotics Facility  
  52  5:26  Probe x2  
  54  5:39  Gateway x2  
  54  5:40  Protoss Ground Armor Level 1  
  54  5:43  Void Ray, Gateway  
  54  5:44  Pylon  
  58  6:06  Twilight Council  
  59  6:11  Observer  
  59  6:27  Stalker  
  59  6:30  Void Ray  
  59  6:32  Immortal  
  69  6:44  Blink  
  69  6:54  Pylon x2  
  69  6:55  Nexus  
  69  6:58  Pylon  
  69  7:01  Probe, Pylon  
  69  7:06  Pylon  
  70  7:09  Assimilator  
  70  7:12  Observer, Probe  
  70  7:14  Assimilator  
  72  7:16  Robotics Bay  
  72  7:31  Photon Cannon  
  72  7:32  Photon Cannon  
  72  7:34  Shield Battery, Protoss Ground Weapons Level 2  
  72  7:35  Gateway  
  72  7:36  Gateway  
  72  7:39  Sentry x2, Gateway  
  72  7:40  Sentry  
  78  7:44  Probe x2  
  80  7:56  Probe x2  
  82  8:08  Probe  
  82  8:09  Probe  
  84  8:33  Probe  
  84  8:34  Probe x2  
  87  8:39  Colossus  
  87  8:40  Extended Thermal Lance  
  87  8:44  Stalker x4  
  87  8:45  Stalker  
  87  8:46  Probe x3  
  75  8:48  Charge  
  106  8:58  Probe x2  
  108  9:09  Stalker x3  
  114  9:10  Stalker x4  
  122  9:17  Pylon  
  122  9:18  Pylon  
  122  9:28  Colossus  
  128  9:48  Stalker x3  
  128  9:49  Stalker x3  
  140  9:59  Pylon  
  140  10:02  Pylon x2  
  128  10:18  Stalker x4  
  128  10:19  Stalker x3  
  132  10:25  Colossus  
  128  10:42  Stalker x3  
  134  10:46  Stalker x2  
  134  10:47  Zealot  
  140  11:08  Colossus  
  138  11:20  Stalker x5  
  138  11:21  Stalker  
  138  11:23  Stalker  
  146  11:44  Stalker x4  
  146  11:45  Stalker x2  
  158  11:53  Dark Shrine  
  158  12:02  Colossus  
  158  12:05  Forge  
  158  12:07  Forge  
  164  12:11  Nexus  
  164  12:12  Pylon  
  164  12:16  Pylon  
  164  12:19  Assimilator  
  164  12:21  Gateway  
  164  12:24  Assimilator  
  164  12:25  Pylon  
  164  12:27  Gateway x2  
  164  12:28  Gateway  
  164  12:30  Pylon  
  164  12:42  Zealot x3  
  164  12:43  Zealot x4  
  161  13:18  Dark Templar  
  161  13:19  Dark Templar x5  
  166  13:20  Dark Templar  
  168  13:38  Photon Cannon x2  
  168  13:41  Photon Cannon  
  168  13:43  Gateway  
  168  13:50  Immortal  
  172  13:57  Nexus  
  172  13:59  Assimilator  
  172  14:03  Assimilator  
  172  14:05  Pylon  
  172  14:08  Pylon  
  164  14:29  Photon Cannon  
  164  14:30  Photon Cannon  
  162  14:31  Photon Cannon  
  162  14:33  Shield Battery  
  162  14:34  Shield Battery  
  162  14:38  Gateway x2  
  162  14:52  Probe x3  
  164  15:04  Probe x3  
  167  15:13  Dark Templar x4  
  167  15:14  Dark Templar x4  
  174  15:16  Probe x2  
  179  15:24  Protoss Ground Weapons Level 3  
  163  15:49  Observer  
  162  16:03  Zealot  
  162  16:04  Zealot x5  
  148  16:05  Zealot x2  
  148  16:10  Observer  
  89  16:32  Stalker x3  
  88  16:43  Probe  
  88  16:44  Probe x3  
  92  16:51  Phoenix  
  94  16:56  Probe x4  
  98  17:08  Probe x2  
  100  17:17  Templar Archives  
  100  17:26  Pylon  
  100  17:28  Dark Templar  
  100  17:29  Dark Templar  
  104  17:33  Archon  
  102  17:38  Probe x3  
  102  17:39  Probe  
  106  17:58  Dark Templar x5  
  80  18:23  Colossus  
  74  18:58  Zealot x3  
  74  18:59  Zealot x5  
Tags
 
Add a new tag
Caveats
  • Supply blocks, unpowered buildings, or Contaminate may cause inaccurate times.
  • Supply counts are checked every 10 seconds.